[Event "December 5 Late 2023"]
[Site "https://www.chess.com"]
[Date "2023.12.05"]
[Round "6"]
[White "Keller, Peter"]
[Black "Lopusiewicz, Piotr"]
[Result "0-1"]
[Board "120"]
[TimeControl "180+1"]
[WhiteFideId "1272105"]
[BlackFideId "1116029"]
[WhiteElo "2197"]
[BlackElo "2416"]
[WhiteTeam "GER"]
[BlackTeam "POL"]
[WhiteClock "0:00:00"]
[BlackClock "0:00:08"]

1. d4 Nf6 2. Bf4 d5 3. e3 c5 4. c3 Nc6 5. Nd2 Bf5 6. Ngf3 e6 7. Bb5 Qb6 8. a4 a6 9. Be2 Qxb2 10. O-O Qxc3 11. Rc1 Qb4 12. Nh4 c4 13. Nxf5 exf5 14. Rb1 Qe7 15. Bxc4 dxc4 16. Nxc4 Qd8 17. Rxb7 Nd5 18. Qf3 Be7 19. Nb6 Ncb4 20. Nxd5 Qxd5 21. Rc1 Qxf3 22. gxf3 Nd5 23. Be5 f6 24. Bg3 f4 25. e4 fxg3 26. exd5 gxf2+ 27. Kxf2 Rf8 28. Re1 Rf7 29. d6 Rd8 30. dxe7 Rc8 31. d5 Rc2+ 32. Kg3 Rd2 0-1

[Event "December 5 Late 2023"]
[Site "https://www.chess.com"]
[Date "2023.12.05"]
[Round "6"]
[White "Vanek, Tomas"]
[Black "Skaric, Djuro"]
[Result "0-1"]
[Board "121"]
[TimeControl "180+1"]
[WhiteFideId "313459"]
[BlackFideId "934569"]
[WhiteElo "2182"]
[BlackElo "2413"]
[WhiteTeam "CZE"]
[BlackTeam "SRB"]
[WhiteClock "0:00:00"]
[BlackClock "0:01:06"]

1. e4 d6 2. d4 g6 3. c3 Bg7 4. Be2 Nf6 5. Nd2 O-O 6. h4 h5 7. Nh3 Nc6 8. Ng5 e5 9. d5 Ne7 10. Nc4 c6 11. dxc6 d5 12. Nxe5 bxc6 13. g4 Nxe4 14. Nexf7 Rxf7 15. Nxf7 Kxf7 16. gxh5 Qb6 17. Be3 Qxb2 18. Rc1 Bxc3+ 19. Kf1 Bf5 20. hxg6+ Nxg6 21. Bg4 Qb5+ 22. Kg1 Bxg4 23. Qxg4 Rg8 24. Qf5+ Nf6 25. Bg5 Ne7 26. Qf3 Be5 27. Re1 d4 28. Rh3 Rg6 29. Rg3 Bxg3 30. fxg3 Qd5 31. Qf2 Nf5 32. Rf1 Ke6 33. Re1+ Ne4 34. Qf3 Nd6 35. Qf8 d3 36. Qe7+ Kf5 37. Qd7+ Re6 38. Qh7+ Kg4 0-1

[Event "December 5 Late 2023"]
[Site "https://www.chess.com"]
[Date "2023.12.05"]
[Round "6"]
[White "Dmitriev, Sergey"]
[Black "Bochnicka, Vladimir"]
[Result "0-1"]
[Board "123"]
[TimeControl "180+1"]
[WhiteFideId "14101785"]
[BlackFideId "14943450"]
[WhiteElo "1984"]
[BlackElo "2409"]
[WhiteTeam "UKR"]
[BlackTeam "SVK"]
[WhiteClock "0:02:22"]
[BlackClock "0:02:20"]

1. e4 e5 2. Nf3 Nc6 3. Bc4 Nf6 4. d3 a5 5. a4 Bc5 6. O-O O-O 7. Bg5 h6 8. Bh4 d6 9. c3 Be6 10. Bb5 g5 11. Bg3 Ne7 12. d4 Bb6 13. dxe5 Nxe4 14. exd6 cxd6 15. Qxd6 Nxd6 0-1

[Event "December 5 Late 2023"]
[Site "https://www.chess.com"]
[Date "2023.12.05"]
[Round "6"]
[White "Titus, Andrew"]
[Black "Mangialardo, Tiago Carvalho"]
[Result "1-0"]
[Board "124"]
[TimeControl "180+1"]
[WhiteFideId "2059770"]
[BlackFideId "2130718"]
[WhiteElo "2585"]
[BlackElo "2107"]
[WhiteTeam "USA"]
[BlackTeam "BRA"]
[WhiteClock "0:00:03"]
[BlackClock "0:00:03"]

1. e4 Nf6 2. e5 Nd5 3. d4 d6 4. Nf3 Nc6 5. h3 Nb6 6. exd6 exd6 7. Be2 Be7 8. O-O O-O 9. a4 a5 10. d5 Ne5 11. Nxe5 dxe5 12. c4 Bf5 13. Nc3 Bb4 14. Be3 Nd7 15. f4 Bxc3 16. bxc3 exf4 17. Rxf4 Bg6 18. Bd4 Re8 19. Bh5 Qg5 20. Bxg6 Qxf4 21. Bd3 Ne5 22. Bf1 Ng6 23. Rb1 b6 24. Rb2 Re7 25. Rf2 Qe4 26. Kh2 Qe1 27. Qf3 Qe4 28. Qg3 Rae8 29. Bd3 Qh4 30. Qf3 f6 31. Bf5 Re1 32. Be6+ Kh8 33. Qg3 Qxg3+ 34. Kxg3 Nf8 35. Bf7 R8e7 36. Rxf6 gxf6 37. Bxf6# 1-0

[Event "December 5 Late 2023"]
[Site "https://www.chess.com"]
[Date "2023.12.05"]
[Round "6"]
[White "Gerbelli Neto, Eduardo"]
[Black "Kotyk, Michael"]
[Result "1-0"]
[Board "125"]
[TimeControl "180+1"]
[WhiteFideId "2103281"]
[BlackFideId "16214501"]
[WhiteElo "2323"]
[BlackElo "2496"]
[WhiteTeam "BRA"]
[BlackTeam "GER"]
[WhiteClock "0:00:12"]
[BlackClock "0:00:10"]

1. e4 Na6 2. d4 c6 3. Nc3 g6 4. Bd3 Nc7 5. Nf3 d5 6. e5 Bg7 7. h4 h5 8. Bg5 Nh6 9. Qd2 Bf5 10. Bxh6 Bxh6 11. Ng5 f6 12. exf6 exf6 13. Qe2+ Kd7 14. Nf7 Bxd3 15. cxd3 Qf8 16. Nxh8 Re8 17. Ne4 dxe4 18. Nxg6 Qb4+ 19. Kf1 exd3 20. Qxd3 Qxb2 21. Rb1 Qxa2 22. Kg1 Re2 23. Qf5+ Kd6 24. Qxf6+ Ne6 25. Qe7+ Kd5 26. Qd7+ Ke4 27. Rf1 a5 28. Rh3 Qd5 29. Qxb7 Nxd4 30. Qe7+ Ne6 31. Qa3 Kf5 32. Ne7+ Ke5 33. Nxd5 cxd5 34. Qxa5 Nf4 35. Re3+ Rxe3 36. fxe3 Ne2+ 37. Kf2 Kf5 38. Kxe2+ Kg4 39. Qxd5 Kg3 40. Qxh5 Bf4 41. Rxf4 Kh2 42. Qg4 Kg1 43. g3 Kh2 44. h5 Kg2 45. h6 Kg1 46. h7 Kg2 47. h8=Q Kg1 48. Rf1+ Kg2 49. Qhh3# 1-0

[Event "December 5 Late 2023"]
[Site "https://www.chess.com"]
[Date "2023.12.05"]
[Round "6"]
[White "Travadon, Loic"]
[Black "Matrix3x3a"]
[Result "0-1"]
[Board "127"]
[TimeControl "180+1"]
[WhiteFideId "26092131"]
[WhiteElo "2153"]
[BlackElo "2432"]
[WhiteTeam "FRA"]
[WhiteClock "0:00:00"]
[BlackClock "0:01:01"]

1. e4 c5 2. Nf3 d6 3. d4 cxd4 4. Nxd4 Nf6 5. Nc3 a6 6. Be2 e5 7. Nb3 Be7 8. Be3 Be6 9. Nd5 Nbd7 10. Qd3 Bxd5 11. exd5 a5 12. a4 b6 13. O-O O-O 14. f4 exf4 15. Bxf4 Nc5 16. Qf3 Nxb3 17. Qxb3 Nd7 18. Qh3 Nc5 19. c3 Bg5 20. Bd1 Bxf4 21. Rxf4 Qe7 22. Bc2 g6 23. Raf1 f5 24. Qf3 Nd7 25. Qg3 Kh8 26. h4 Ne5 27. h5 Rac8 28. hxg6 hxg6 29. Rh4+ Kg7 30. Bxf5 Rcd8 31. Be6 Rxf1+ 32. Kxf1 Rf8+ 33. Rf4 Rxf4+ 34. Qxf4 g5 35. Qf5 Qf6 36. g4 Nd3 37. b3 Nc5 38. b4 Nxa4 39. bxa5 bxa5 40. Ke2 Nxc3+ 41. Kd3 Nb5 42. Kc4 Nc7 43. Qc2 Qf4+ 0-1

[Event "December 5 Late 2023"]
[Site "https://www.chess.com"]
[Date "2023.12.05"]
[Round "6"]
[White "Al-Saffar, Araz Basim Mohammed S"]
[Black "Teumer, Joerg, Dr."]
[Result "1/2-1/2"]
[Board "128"]
[TimeControl "180+1"]
[WhiteFideId "4801040"]
[BlackFideId "4643526"]
[WhiteElo "2383"]
[BlackElo "2120"]
[WhiteTeam "IRQ"]
[BlackTeam "GER"]
[WhiteClock "0:00:27"]
[BlackClock "0:00:23"]

1. d4 Nf6 2. c3 e6 3. Nf3 b6 4. Bg5 Be7 5. Nbd2 Bb7 6. e3 Ne4 7. Bxe7 Qxe7 8. Bd3 f5 9. Qc2 Nxd2 10. Qxd2 O-O 11. O-O-O d6 12. Qc2 Nd7 13. e4 fxe4 14. Bxe4 Bxe4 15. Qxe4 Nf6 16. Qe2 Rae8 17. Rde1 Qd7 18. h3 c5 19. Rhf1 cxd4 20. Nxd4 e5 21. Nc2 Qa4 22. Kb1 Nd5 23. Qe4 Qxe4 24. Rxe4 Rf4 25. Rxf4 Nxf4 26. Ne3 g6 27. h4 Rd8 28. Kc2 Kg7 29. g3 Ne6 30. Rd1 Nc5 31. Nc4 Ne4 32. Nxe5 Nxf2 33. Nc6 Rd7 34. Rd4 d5 35. c4 Ne4 36. cxd5 Nxg3 37. Ne5 Rd6 38. Nc4 Rd7 39. Ne5 Rd6 40. Nc4 Rd7 41. Ne5 1/2-1/2

[Event "December 5 Late 2023"]
[Site "https://www.chess.com"]
[Date "2023.12.05"]
[Round "6"]
[White "Degtiarev, Evgeny"]
[Black "Calcada, Lucas Galvan"]
[Result "0-1"]
[Board "129"]
[TimeControl "180+1"]
[WhiteFideId "4149610"]
[BlackFideId "22746099"]
[WhiteElo "2343"]
[BlackElo "1994"]
[WhiteTeam "GER"]
[BlackTeam "BRA"]
[WhiteClock "0:00:00"]
[BlackClock "0:00:17"]

1. d4 Nf6 2. c4 e6 3. g3 d5 4. Nf3 Be7 5. Bg2 O-O 6. O-O a6 7. b3 dxc4 8. bxc4 c6 9. a4 c5 10. Bb2 Nc6 11. e3 Qb6 12. Qe2 Rd8 13. Rd1 cxd4 14. exd4 Na5 15. d5 Qc7 16. Ne5 Bd6 17. Nd2 exd5 18. cxd5 Re8 19. f4 Qb6+ 20. Kh1 Qxb2 21. Rab1 Qa3 22. Ne4 Nxe4 23. Bxe4 Qxa4 24. Bxh7+ Kf8 25. Rb6 Bxe5 26. fxe5 Rxe5 27. Qxe5 Qxd1+ 28. Kg2 Qd2+ 29. Kg1 Bh3 30. Qd6+ Ke8 31. Qe5+ Kf8 32. Qd6+ Ke8 33. Qe5+ Kd8 0-1

[Event "December 5 Late 2023"]
[Site "https://www.chess.com"]
[Date "2023.12.05"]
[Round "6"]
[White "Chan, Yi Ren Daniel"]
[Black "Duncan, Chris R"]
[Result "1-0"]
[Board "130"]
[TimeControl "180+1"]
[WhiteFideId "5801583"]
[BlackFideId "403091"]
[WhiteElo "2790"]
[BlackElo "2191"]
[WhiteTeam "SGP"]
[BlackTeam "ENG"]
[WhiteClock "0:01:53"]
[BlackClock "0:00:50"]

1. e4 e6 2. Nf3 d5 3. Nc3 d4 4. Ne2 c5 5. c3 Nc6 6. cxd4 cxd4 7. Qa4 Nf6 8. Nexd4 Bd7 9. d3 Bb4+ 10. Kd1 Nxd4 11. Qxb4 Nxf3 12. gxf3 a5 13. Qa3 b5 14. Qd6 Qc8 15. Rg1 Ra6 16. Qe5 Kf8 17. Rxg7 Kxg7 18. Bh6+ Kxh6 19. Qxf6+ Kh5 20. f4 e5 21. Qg5# 1-0

[Event "December 5 Late 2023"]
[Site "https://www.chess.com"]
[Date "2023.12.05"]
[Round "6"]
[White "Martine, Jean-Christophe"]
[Black "Lymar, Vladislav"]
[Result "0-1"]
[Board "131"]
[TimeControl "180+1"]
[WhiteFideId "603651"]
[BlackFideId "14162180"]
[WhiteElo "2184"]
[BlackElo "2581"]
[WhiteTeam "FRA"]
[BlackTeam "UKR"]
[WhiteClock "0:00:09"]
[BlackClock "0:00:08"]

1. d4 d6 2. Nd2 e5 3. e3 Nd7 4. Ngf3 Ngf6 5. Bd3 Be7 6. O-O O-O 7. Qe2 c6 8. c3 Qc7 9. Re1 Re8 10. e4 Bf8 11. Nf1 d5 12. Ng3 exd4 13. cxd4 dxe4 14. Nxe4 Nxe4 15. Bxe4 Nf6 16. Ng5 h6 17. Bh7+ Kh8 18. Qxe8 Nxe8 19. Rxe8 hxg5 20. Bf5 Bxf5 21. Rxa8 Bc8 22. Bxg5 Bb4 23. a3 Ba5 24. b4 Bb6 25. Be3 Kh7 26. a4 a5 27. bxa5 Bxa5 28. Rc1 Be6 29. h3 Bb4 30. Rb1 c5 31. dxc5 Bxc5 32. Rc1 b6 33. a5 Qb7 34. Bxc5 Qxa8 35. axb6 Bd5 36. f3 Qa5 37. Bf2 Qd2 38. Rb1 Bb7 39. Ra1 Qc3 40. Rd1 f6 41. Rd7 Qc1+ 42. Kh2 Qc6 43. Rc7 Qd6+ 44. Kg1 Qd5 45. Kh2 Kg6 46. h4 Kh6 47. Kg1 g6 48. Kh2 g5 49. hxg5+ fxg5 50. Kg1 g4 51. Rc5 Qd1+ 52. Kh2 gxf3 53. gxf3 Qxf3 54. Rc6+ Bxc6 0-1

[Event "December 5 Late 2023"]
[Site "https://www.chess.com"]
[Date "2023.12.05"]
[Round "6"]
[White "Gutierrez Olivares, Daniel"]
[Black "Petersson, Kjell"]
[Result "1-0"]
[Board "132"]
[TimeControl "180+1"]
[WhiteFideId "2264005"]
[BlackFideId "1705148"]
[WhiteElo "2487"]
[BlackElo "2171"]
[WhiteTeam "ESP"]
[BlackTeam "SWE"]
[WhiteClock "0:01:40"]
[BlackClock "0:00:59"]

1. Nf3 f5 2. d3 Nc6 3. e4 e5 4. c4 Nf6 5. Nc3 Bb4 6. exf5 d5 7. Be2 d4 8. a3 Ba5 9. b4 Nxb4 10. axb4 dxc3 11. Qa4+ Bd7 12. Qxa5 O-O 13. O-O e4 14. dxe4 Nxe4 15. Qd5+ Kh8 16. Qxe4 Bxf5 17. Qd4 Qe8 18. Re1 c2 19. Bf4 Rd8 20. Qc3 Qxe2 21. Rxe2 Rd1+ 22. Re1 1-0

[Event "December 5 Late 2023"]
[Site "https://www.chess.com"]
[Date "2023.12.05"]
[Round "6"]
[White "Joubert, Dantelle"]
[Black "Blanco Diez, David"]
[Result "0-1"]
[Board "133"]
[TimeControl "180+1"]
[WhiteFideId "14310813"]
[BlackFideId "32032927"]
[WhiteElo "2152"]
[BlackElo "2395"]
[WhiteTeam "RSA"]
[BlackTeam "ESP"]
[WhiteClock "0:00:00"]
[BlackClock "0:00:10"]

1. d4 g6 2. c4 Bg7 3. Nc3 c5 4. d5 Bxc3+ 5. bxc3 e5 6. dxe6 dxe6 7. Qxd8+ Kxd8 8. g3 f6 9. Be3 Nd7 10. Bg2 Kc7 11. Nf3 Ne7 12. O-O Nf5 13. Bf4+ e5 14. Bc1 Nb6 15. Nd2 Be6 16. Rb1 Nd6 17. Nb3 Na4 18. Bd5 Bxd5 19. cxd5 Nxc3 20. Rb2 b6 21. Rd2 Nde4 22. Rc2 Nxd5 23. Rd1 Nb4 24. Rc4 Nd6 25. Rh4 Nf5 26. Rc4 Rad8 27. Rxd8 Rxd8 28. a3 Nc6 29. e3 Rd1+ 30. Kg2 a5 31. Bb2 Nd6 32. Rc2 c4 33. Nc1 b5 34. Ne2 b4 35. axb4 axb4 36. f4 Kb6 37. fxe5 Nxe5 38. Nd4 Nd3 0-1

[Event "December 5 Late 2023"]
[Site "https://www.chess.com"]
[Date "2023.12.05"]
[Round "6"]
[White "Melikhov, Evgeny V."]
[Black "Novikova, Margarita"]
[Result "1-0"]
[Board "134"]
[TimeControl "180+1"]
[WhiteFideId "4122046"]
[BlackFideId "14109689"]
[WhiteElo "2374"]
[BlackElo "2124"]
[WhiteTeam "GRE"]
[BlackTeam "GER"]
[WhiteClock "0:00:21"]
[BlackClock "0:00:17"]

1. d4 e5 2. dxe5 Nc6 3. Nf3 Qe7 4. Bg5 Qb4+ 5. Bd2 Qxb2 6. Nc3 Nb4 7. Rc1 Nxa2 8. Nxa2 Qxa2 9. e4 d6 10. Bd3 dxe5 11. Nxe5 Be6 12. O-O Qb2 13. Nc4 Qd4 14. Be3 Qd7 15. Ne5 Qc8 16. f4 Bd6 17. Nc4 Be7 18. f5 Bd7 19. Ne5 Bf6 20. Nxf7 Kxf7 21. Bc4+ Kf8 22. Qd5 Be8 23. e5 c6 24. Bc5+ Be7 25. f6 gxf6 26. Bxe7+ Kxe7 27. Qd6# 1-0

[Event "December 5 Late 2023"]
[Site "https://www.chess.com"]
[Date "2023.12.05"]
[Round "6"]
[White "Jesusesmifuerza"]
[Black "Mesa Cruz, Juan Carlos"]
[Result "1-0"]
[Board "135"]
[TimeControl "180+1"]
[BlackFideId "6423400"]
[WhiteElo "2118"]
[BlackElo "2374"]
[BlackTeam "DOM"]
[WhiteClock "0:00:16"]
[BlackClock "0:00:10"]

1. e4 c5 2. Nf3 d6 3. d4 cxd4 4. Nxd4 Nf6 5. Nc3 a6 6. Bc4 e6 7. O-O b5 8. Bb3 Nbd7 9. Re1 Nc5 10. f3 Be7 11. Be3 Bb7 12. Qd2 O-O 13. Rad1 Qc7 14. a3 Nxb3 15. Nxb3 Rac8 16. Qf2 d5 17. exd5 Nxd5 18. Nxd5 Bxd5 19. Nd4 Bf6 20. c3 Rfd8 21. Ne2 Qb7 22. Nf4 Bb3 23. Rxd8+ Rxd8 24. Ne2 a5 25. Nd4 Bc4 26. Ne2 b4 27. axb4 axb4 28. Bd4 e5 29. Bc5 Rd2 30. Bxb4 Qb5 31. Qa7 Bxe2 32. c4 Qxc4 33. Bxd2 h6 34. Qe3 e4 35. Qxe2 Qd4+ 36. Be3 Qxb2 37. Qxb2 Bxb2 38. fxe4 Be5 39. Rd1 g5 40. Rd5 Bf6 41. g3 Kg7 42. Rf5 Kg6 43. Rf2 Be5 44. Kg2 f6 45. Rf5 Bc3 46. Bc5 Be5 47. Be7 Bd4 48. Kf3 h5 49. h3 Bc3 50. Bxf6 Bxf6 51. Rxf6+ Kxf6 52. Ke3 Ke5 53. Kd3 Ke6 54. Kd4 Kd6 55. e5+ Ke6 56. Ke4 h4 57. g4 Ke7 58. Kd4 Ke6 59. Ke4 Ke7 60. Kd5 Kd7 61. e6+ Ke7 62. Ke5 Ke8 63. Kf5 Kf8 64. Kxg5 Ke7 65. Kf5 Ke8 66. g5 Ke7 67. g6 Kf8 68. Kf6 Kg8 69. e7 Kh8 70. e8=Q# 1-0

[Event "December 5 Late 2023"]
[Site "https://www.chess.com"]
[Date "2023.12.05"]
[Round "6"]
[White "Negron Lizarazo, Juan Sebastian"]
[Black "Kappeler, Kaspar"]
[Result "0-1"]
[Board "136"]
[TimeControl "180+1"]
[WhiteFideId "3936910"]
[BlackFideId "1309072"]
[WhiteElo "2094"]
[BlackElo "2310"]
[WhiteTeam "COL"]
[BlackTeam "SUI"]
[WhiteClock "0:00:00"]
[BlackClock "0:00:11"]

1. e4 c5 2. Nc3 e6 3. g3 Nc6 4. Bg2 Nge7 5. d3 d6 6. Be3 g6 7. Qd2 Nd4 8. Nf3 Bg7 9. O-O O-O 10. Bh6 b6 11. Bxg7 Kxg7 12. Ne2 Nxf3+ 13. Bxf3 Bb7 14. Bg2 Qd7 15. h3 d5 16. e5 d4 17. Qg5 Bxg2 18. Kxg2 Qd5+ 19. Kh2 f6 20. exf6+ Rxf6 21. Qxd5 Nxd5 22. g4 Raf8 23. Kg2 g5 24. Ng3 Nf4+ 25. Kh2 Rh6 26. Nh5+ Nxh5 27. gxh5 Rxh5 28. Kg3 Rh4 29. Rae1 Rf6 30. Re5 h6 31. Rfe1 Rhf4 32. Rxe6 Rf3+ 33. Kg2 Rxf2+ 34. Kg1 Rxc2 35. Re7+ Kg6 36. Rxa7 Rxb2 37. Ree7 Rff2 38. Rg7+ Kh5 39. Rge7 Rg2+ 40. Kh1 Rh2+ 41. Kg1 Rhd2 42. Re1 Rg2+ 43. Kh1 Rh2+ 44. Kg1 Rbg2+ 45. Kf1 Rf2+ 46. Kg1 Rfg2+ 47. Kf1 Rxa2 48. Rb7 Rab2 49. Kg1 Rxh3 50. Re6 Rxd3 51. Re1 Rg3+ 52. Kf1 Rf3+ 53. Kg1 Rc3 54. Kh1 d3 0-1

[Event "December 5 Late 2023"]
[Site "https://www.chess.com"]
[Date "2023.12.05"]
[Round "6"]
[White "Ghosh, Chanchal Kumer"]
[Black "Antonio, Jorge Carlos"]
[Result "1-0"]
[Board "137"]
[TimeControl "180+1"]
[WhiteFideId "10201858"]
[BlackFideId "113190"]
[WhiteElo "2091"]
[BlackElo "2307"]
[WhiteTeam "BAN"]
[BlackTeam "ARG"]
[WhiteClock "0:00:52"]
[BlackClock "0:01:36"]

1. e4 c5 2. Nf3 e6 3. d4 cxd4 4. Nxd4 a6 5. Nc3 Nc6 6. Be3 Nf6 7. Be2 Bb4 8. f3 d5 9. Nxc6 bxc6 10. e5 Nd7 11. f4 c5 12. Bd2 Bxc3 13. bxc3 a5 14. O-O Ba6 15. Re1 Bxe2 16. Qxe2 O-O 17. Kh1 c4 18. Be3 Rb8 19. Qg4 g6 20. h4 h5 21. Qg3 Qc7 22. Bd2 Nc5 23. f5 exf5 24. Bg5 Ne4 25. Rxe4 dxe4 26. Bf6 Kh7 27. Rf1 Rb6 28. Rxf5 e3 29. Rxh5+ 1-0

[Event "December 5 Late 2023"]
[Site "https://www.chess.com"]
[Date "2023.12.05"]
[Round "6"]
[White "Mohammad, Fahim"]
[Black "Oliveira, Tiago Batista"]
[Result "1-0"]
[Board "138"]
[TimeControl "180+1"]
[WhiteFideId "10206248"]
[BlackFideId "2108291"]
[WhiteElo "2302"]
[BlackElo "2089"]
[WhiteTeam "FRA"]
[BlackTeam "BRA"]
[WhiteClock "0:00:50"]
[BlackClock "0:00:00"]

1. d4 Nf6 2. Nf3 g6 3. c4 Bg7 4. Nc3 d5 5. cxd5 Nxd5 6. e4 Nxc3 7. bxc3 c5 8. h3 Nc6 9. Be3 Qa5 10. Bd2 cxd4 11. cxd4 Qd8 12. d5 Nb8 13. Rc1 O-O 14. Be2 b6 15. O-O Ba6 16. Bg5 Bxe2 17. Qxe2 f6 18. Bh4 Nd7 19. Rfd1 Rc8 20. Qa6 Nc5 21. Qe2 Qc7 22. Bg3 Qb7 23. e5 Rfd8 24. e6 Rxd5 25. Rd4 Rcd8 26. Rg4 Qc6 27. Re1 Nd3 28. Rf1 f5 29. Rh4 f4 30. Bxf4 Nxf4 31. Rxf4 R8d6 32. Re4 Rd3 33. Re1 Qd5 34. Qc2 Bf6 35. Qc8+ Kg7 36. Qe8 Kh6 37. Qf8+ Bg7 38. Qf4+ g5 39. Qf7 1-0

[Event "December 5 Late 2023"]
[Site "https://www.chess.com"]
[Date "2023.12.05"]
[Round "6"]
[White "Weisz, Bryan"]
[Black "Lutz, Igor Oscar"]
[Result "1-0"]
[Board "139"]
[TimeControl "180+1"]
[WhiteFideId "30934133"]
[BlackFideId "2110806"]
[WhiteElo "2289"]
[BlackElo "2081"]
[WhiteTeam "USA"]
[BlackTeam "BRA"]
[WhiteClock "0:00:10"]
[BlackClock "0:00:00"]

1. e4 c5 2. Nf3 Nc6 3. Bc4 e6 4. O-O Nf6 5. Nc3 d6 6. d4 cxd4 7. Nxd4 Be7 8. f4 O-O 9. Kh1 Qb6 10. Nb3 Na5 11. Nxa5 Qxa5 12. f5 Qb4 13. Qe2 Bd7 14. fxe6 Bxe6 15. Bb3 Rac8 16. Bf4 Rfe8 17. Rad1 Bg4 18. Qf2 Bxd1 19. Nxd1 Qxe4 20. Ne3 h6 21. Bg3 Rc5 22. Bh4 Rh5 23. Bxf6 Bxf6 24. Nf5 Qe5 25. h3 d5 26. c4 d4 27. c5 Rg5 28. Nd6 Re7 29. Qc2 Qd5 30. Bxd5 Rxd5 31. Nf5 Rde5 32. Nxh6+ gxh6 33. Rxf6 R7e6 34. Rxe6 Kg7 35. Rxe5 1-0

[Event "December 5 Late 2023"]
[Site "https://www.chess.com"]
[Date "2023.12.05"]
[Round "6"]
[White "Feliz Dotel, Dewar Bienvenido"]
[Black "Shapiro, Daniel"]
[Result "0-1"]
[Board "140"]
[TimeControl "180+1"]
[WhiteFideId "6402801"]
[BlackFideId "2001780"]
[WhiteElo "2079"]
[BlackElo "2289"]
[WhiteTeam "DOM"]
[BlackTeam "USA"]
[WhiteClock "0:00:11"]
[BlackClock "0:00:06"]

1. d4 Nf6 2. e3 g6 3. Nf3 Bg7 4. Be2 O-O 5. b4 d6 6. Bb2 e5 7. c4 c6 8. Nc3 e4 9. Nd2 d5 10. b5 h5 11. a4 Re8 12. a5 a6 13. bxc6 bxc6 14. cxd5 cxd5 15. Nb3 Nbd7 16. O-O Nf8 17. Na4 Bf5 18. Nb6 Ra7 19. Nc5 Bc8 20. Rc1 Ne6 21. Nxc8 Qxc8 22. Nxe4 Qb8 23. Nxf6+ Bxf6 24. Ba3 Ng5 25. Bc5 Ra8 26. Rb1 Qc8 27. Qb3 Qf5 28. Bd3 Qe6 29. Qb6 h4 30. Qxe6 Nxe6 31. Bb6 h3 32. g3 Ng5 33. Be2 Ne4 34. Rfc1 Nd2 35. Rb2 Ne4 36. Bf3 Kg7 37. Bxe4 dxe4 38. Rc7 Re7 39. Rbc2 Rh8 40. Rxe7 Bxe7 41. Rc7 Bb4 42. f3 exf3 43. Kf2 Re8 44. Kxf3 Bd2 45. d5 Re5 46. d6 Rd5 47. Rd7 Kf8 48. Ke4 Rb5 49. Bd4 f5+ 50. Kf4 Rxa5 51. Rd8+ Kf7 52. d7 Rd5 53. Rf8+ Kxf8 54. Kg5 Kf7 55. Kh4 Rxd7 56. Kxh3 Rxd4 57. exd4 a5 58. Kg2 a4 59. Kf3 a3 60. Ke2 a2 61. Kxd2 a1=Q 62. Ke3 Qh1 63. h4 Qg2 64. Kf4 Qf2+ 65. Kg5 Qxg3+ 66. Kh6 Qxh4# 0-1

[Event "December 5 Late 2023"]
[Site "https://www.chess.com"]
[Date "2023.12.05"]
[Round "6"]
[White "De Souza, Cristiano Gomes"]
[Black "Panuganti, Kireet"]
[Result "0-1"]
[Board "142"]
[TimeControl "180+1"]
[WhiteFideId "2151758"]
[BlackFideId "30903297"]
[WhiteElo "2236"]
[BlackElo "2026"]
[WhiteTeam "BRA"]
[BlackTeam "USA"]
[WhiteClock "0:01:35"]
[BlackClock "0:00:04"]

1. d4 Nf6 2. c4 e6 3. Nf3 d5 4. Nc3 Be7 5. Bg5 h6 6. Bxf6 Bxf6 7. e3 O-O 8. Rc1 c6 9. Be2 Nd7 10. O-O dxc4 11. Bxc4 e5 12. d5 Nb6 13. Bb3 e4 14. Nxe4 Bxb2 15. Rc2 cxd5 16. Nc5 Ba3 17. Nd4 Qe7 18. Nd3 Bd7 19. Nf4 Rac8 20. Nxd5 Nxd5 21. Bxd5 Ba4 22. Bb3 Bxb3 23. axb3 Rxc2 24. Qxc2 Rd8 25. Rd1 Qd7 26. Ra1 Qe7 27. g3 a6 28. Nf5 Qb4 29. Qc4 Qxc4 30. bxc4 Bc5 31. Rb1 Rd7 32. Kf1 b6 33. Ke2 a5 34. Ra1 h5 35. h4 g6 36. Nd4 Bxd4 37. Rd1 b5 38. cxb5 Rb7 39. exd4 Rxb5 40. d5 Rb7 41. d6 Rd7 42. Rd5 Kg7 43. Rxa5 Kf6 44. Rd5 Ke6 45. Rd3 Rxd6 46. Rxd6+ Kxd6 47. Ke3 Ke5 48. f4+ Kf5 49. Kf3 f6 50. Kf2 Kg4 51. Kg2 f5 52. Kf2 Kh3 53. Kf3 Kh2 54. Kf2 Kh3 55. Kf3 Kh2 56. Kf2 Kh1 57. Kf3 Kg1 58. g4 fxg4+ 59. Ke4 Kh2 60. Ke5 g3 61. Kf6 g2 62. Kxg6 g1=Q+ 63. Kxh5 Qe3 64. Kg5 Qg3+ 65. Kf5 Qxh4 66. Ke6 Qh8 67. f5 Qf8 68. f6 Kg3 69. f7 Kg4 70. Kf6 Kh5 0-1

[Event "December 5 Late 2023"]
[Site "https://www.chess.com"]
[Date "2023.12.05"]
[Round "6"]
[White "Bongo Akanga Ndjila, Barthelemy"]
[Black "Clawitter, Craig"]
[Result "0-1"]
[Board "143"]
[TimeControl "180+1"]
[WhiteFideId "10609431"]
[BlackFideId "2023105"]
[WhiteElo "2022"]
[BlackElo "2222"]
[WhiteTeam "GAB"]
[BlackTeam "USA"]
[WhiteClock "0:00:53"]
[BlackClock "0:01:16"]

1. d4 e6 2. c4 Nf6 3. Nf3 d5 4. Nc3 dxc4 5. e3 c5 6. Bxc4 Nc6 7. b3 cxd4 8. Nxd4 Nxd4 9. exd4 Be7 10. O-O O-O 11. Re1 a6 12. Bb2 b5 13. Bd3 Bb7 14. a4 b4 15. Ne2 Rc8 16. Rc1 Rxc1 17. Qxc1 Qd5 18. f3 Qxb3 19. Bc4 Qxa4 20. Nf4 Rc8 21. Nxe6 Bd5 22. Nc5 Bxc5 23. Bxd5 Bxd4+ 24. Bxd4 Rxc1 25. Rxc1 Qd7 26. Bxf6 gxf6 27. Be4 f5 28. Bc6 Qd4+ 29. Kh1 b3 0-1

[Event "December 5 Late 2023"]
[Site "https://www.chess.com"]
[Date "2023.12.05"]
[Round "6"]
[White "Floresvillar Gonzalez, Luis Migu"]
[Black "Cornelison, Paul"]
[Result "1-0"]
[Board "144"]
[TimeControl "180+1"]
[WhiteFideId "5100542"]
[BlackFideId "2004186"]
[WhiteElo "2212"]
[BlackElo "1891"]
[WhiteTeam "MEX"]
[BlackTeam "USA"]
[WhiteClock "0:00:11"]
[BlackClock "0:00:00"]

1. e4 e5 2. Nf3 Nf6 3. Nxe5 d6 4. Nf3 Nxe4 5. Nc3 Nxc3 6. dxc3 Be7 7. Bc4 Nc6 8. O-O Be6 9. Bxe6 fxe6 10. Re1 Qd7 11. Nd4 Nxd4 12. cxd4 O-O-O 13. Qe2 Bf6 14. Qxe6 Bxd4 15. Qxd7+ Rxd7 16. c3 Bf6 17. Be3 d5 18. a4 a6 19. Rad1 c6 20. Bd4 Bxd4 21. Rxd4 Kd8 22. Rd3 Re7 23. Rxe7 Kxe7 24. Re3+ Kd7 25. f4 Re8 26. Kf2 Rxe3 27. Kxe3 Kd6 28. g4 b6 29. b4 c5 30. h4 Ke6 31. h5 h6 32. Kd3 Kf6 33. a5 bxa5 34. bxa5 g5 35. f5 Ke5 36. Ke3 Kf6 37. Kd2 Ke5 38. Kd3 Kf6 39. Kc2 Ke5 40. Kb3 1-0

[Event "December 5 Late 2023"]
[Site "https://www.chess.com"]
[Date "2023.12.05"]
[Round "6"]
[White "Vargas, Mauricio"]
[Black "Einarsson, Halldor Gretar"]
[Result "0-1"]
[Board "145"]
[TimeControl "180+1"]
[WhiteFideId "4404572"]
[BlackFideId "2300150"]
[WhiteElo "1829"]
[BlackElo "2212"]
[WhiteTeam "COL"]
[BlackTeam "ISL"]
[WhiteClock "0:00:00"]
[BlackClock "0:02:01"]

1. e4 c5 2. Nc3 Nc6 3. f4 g6 4. Nf3 Bg7 5. d3 e6 6. Ne2 d5 7. c3 dxe4 8. dxe4 Qxd1+ 9. Kxd1 Nf6 10. e5 Ne4 11. Kc2 f6 12. exf6 Bxf6 13. Be3 e5 14. fxe5 Nxe5 15. Nxe5 Bxe5 16. Nf4 Bf5 17. Bb5+ Kf7 18. Bc4+ Kg7 19. Ne6+ Kf6 20. Bg5+ Nxg5+ 0-1

[Event "December 5 Late 2023"]
[Site "https://www.chess.com"]
[Date "2023.12.05"]
[Round "6"]
[White "Bullen, Alex"]
[Black "Burke, Paul"]
[Result "1-0"]
[Board "146"]
[TimeControl "180+1"]
[WhiteFideId "1801627"]
[BlackFideId "2605767"]
[WhiteElo "2204"]
[BlackElo "1809"]
[WhiteTeam "WLS"]
[BlackTeam "CAN"]
[WhiteClock "0:02:00"]
[BlackClock "0:01:40"]

1. Na3 a6 2. g4 d6 3. Bg2 g6 4. c3 Nd7 5. d4 Bg7 6. e4 h6 7. h3 e5 8. Be3 Ne7 9. Ne2 O-O 10. Ng3 f5 11. gxf5 gxf5 12. Nh5 f4 13. Nxg7 Kxg7 14. Bd2 Nf6 15. dxe5 dxe5 16. Nc4 Nc6 17. Rg1 Kh7 18. Qc2 Be6 19. Na3 Qe8 20. O-O-O b5 21. Bxf4 exf4 22. e5+ 1-0